PAAA
SYRACUSE STARKS @ SACRAMENTO REDLEGS
07/28/2042
 
TOP OF THE 1ST
Syracuse Starks batting - Pitching for Sacramento Redlegs : RHP Gonzalo Rossi
Pitching: RHP Gonzalo Rossi
Batting: RHB Damon Newbold 0-0: Ball
1-0: Ball
2-0: Ball
3-0: Foul Ball, location: 2F
3-1: Base on Balls
Batting: RHB Akke Derksen 0-0: Foul Ball, location: 2F
0-1: Ball
1-1: Called Strike
1-2: Ball
2-2: Ball
3-2: Fly out, F8 (Flyball, 8RM, EV 86.2 MPH)
Batting: LHB Mare Riseley 0-0: Swinging Strike
0-1: Ball
1-1: Ball
2-1: Fly out, F7 (Flyball, 7S, EV 91.2 MPH)
Batting: RHB Takashi Miike 0-0: Ball
1-0: Ball
2-0: Swinging Strike
2-1: Swinging Strike
2-2: Foul Ball, location: 2F
2-2: Ball
3-2: Strikes out swinging
Top of the 1st over - 0 runs, 0 hits, 0 errors, 1 left on base; Syracuse 0 - Sacramento 0
BOTTOM OF THE 1ST
Sacramento Redlegs batting - Pitching for Syracuse Starks : RHP Austin Bizzle
Pitching: RHP Austin Bizzle
Batting: LHB Paulino Gómez 0-0: Fly out, F7 (Flyball, 7, EV 96.2 MPH)
Batting: RHB De-wei Chi 0-0: Ball
1-0: Swinging Strike
1-1: Foul Ball, location: 2F
1-2: Ball
2-2: Foul Ball, location: 2F
2-2: Ground out 6-3 (Groundball, 6, EV 91.2 MPH)
Batting: LHB Gabriel Anaya 0-0: Ground out U3 (Groundball, 34, EV 85.0 MPH)
Bottom of the 1st over - 0 runs, 0 hits, 0 errors, 0 left on base; Syracuse 0 - Sacramento 0
TOP OF THE 2ND
Syracuse Starks batting - Pitching for Sacramento Redlegs : RHP Gonzalo Rossi
Batting: RHB Atanza Vongor 0-0: Called Strike
0-1: Swinging Strike
0-2: Ball
1-2: Strikes out swinging
Batting: RHB Patrick Mildren 0-0: Ball
1-0: Called Strike
1-1: Foul Ball, location: 2F
1-2: Ground out 4-3 (Groundball, 34, EV 103.8 MPH)
Batting: RHB Francisco Agámez 0-0: Ground out 6-3 (Groundball, 6, EV 91.2 MPH)
Top of the 2nd over - 0 runs, 0 hits, 0 errors, 0 left on base; Syracuse 0 - Sacramento 0
BOTTOM OF THE 2ND
Sacramento Redlegs batting - Pitching for Syracuse Starks : RHP Austin Bizzle
Batting: RHB Qian-fu Zhou 0-0: Fly out, F3 (Popup, 3F, EV 70.6 MPH)
Batting: LHB Carlos Árias 0-0: Called Strike
0-1: Called Strike
0-2: Ball
1-2: Ball
2-2: SINGLE (Line Drive, 9LS, EV 99.4 MPH)
Batting: RHB Jackson Cluff 0-0: Ball
Pickoff Throw to First - Out! 1-3
1-0: Foul Ball, location: 2F
1-1: Ball
2-1: Fly out, F8 (Flyball, 78M, EV 86.9 MPH)
Bottom of the 2nd over - 0 runs, 1 hit, 0 errors, 0 left on base; Syracuse 0 - Sacramento 0
TOP OF THE 3RD
Syracuse Starks batting - Pitching for Sacramento Redlegs : RHP Gonzalo Rossi
Batting: RHB Jonathan Elmore 0-0: Ball
1-0: Called Strike
1-1: Ball
2-1: Ball
3-1: Swinging Strike
3-2: Strikes out looking
Batting: RHB Jimmy Robinson 0-0: Ball
1-0: Called Strike
1-1: Called Strike
1-2: Ground out 5-3 (Groundball, 5L, EV 105.6 MPH)
Batting: RHB Damon Newbold 0-0: Ball
1-0: Ball
2-0: Ball
3-0: Called Strike
3-1: Ground out 5-3 (Groundball, 56S, EV 93.1 MPH)
Top of the 3rd over - 0 runs, 0 hits, 0 errors, 0 left on base; Syracuse 0 - Sacramento 0
BOTTOM OF THE 3RD
Sacramento Redlegs batting - Pitching for Syracuse Starks : RHP Austin Bizzle
Batting: LHB Maxim Abeele 0-0: Ball
1-0: Foul Ball, location: 2F
1-1: Fly out, F9 (Line Drive, 9, EV 83.1 MPH)
Batting: RHB Brandon Graybill 0-0: Called Strike
0-1: Ball
1-1: Ground out 6-3 (Groundball, 6, EV 93.8 MPH)
Batting: RHB Ignacio González 0-0: Fly out, F8 (Line Drive, 8RD, EV 99.4 MPH)
Bottom of the 3rd over - 0 runs, 0 hits, 0 errors, 0 left on base; Syracuse 0 - Sacramento 0
TOP OF THE 4TH
Syracuse Starks batting - Pitching for Sacramento Redlegs : RHP Gonzalo Rossi
Batting: RHB Akke Derksen 0-0: Ball
1-0: Fly out, F8 (Flyball, 78D, EV 76.9 MPH)
Batting: LHB Mare Riseley 0-0: Called Strike
0-1: Called Strike
0-2: Ground out U3 (Groundball, 3, EV 107.5 MPH)
Batting: RHB Takashi Miike 0-0: Called Strike
0-1: Fly out, F8 (Line Drive, 8LM, EV 88.8 MPH)
Top of the 4th over - 0 runs, 0 hits, 0 errors, 0 left on base; Syracuse 0 - Sacramento 0
BOTTOM OF THE 4TH
Sacramento Redlegs batting - Pitching for Syracuse Starks : RHP Austin Bizzle
Batting: LHB Paulino Gómez 0-0: Called Strike
0-1: Ball
1-1: Foul Ball, location: 2F
1-2: Ground out 4-3 (Groundball, 4, EV 80.0 MPH)
Batting: RHB De-wei Chi 0-0: Called Strike
0-1: Foul Ball, location: 2F
0-2: Ball
1-2: Strikes out swinging
Batting: LHB Gabriel Anaya 0-0: Ball
1-0: Called Strike
1-1: Foul Ball, location: 2F
1-2: Ball
2-2: SINGLE (Groundball, 6, EV 96.9 MPH) (infield hit)
Batting: RHB Qian-fu Zhou 0-0: Called Strike
0-1: Ground out 5-3 (Groundball, 6S, EV 91.2 MPH)
Bottom of the 4th over - 0 runs, 1 hit, 0 errors, 1 left on base; Syracuse 0 - Sacramento 0
TOP OF THE 5TH
Syracuse Starks batting - Pitching for Sacramento Redlegs : RHP Gonzalo Rossi
Batting: RHB Atanza Vongor 0-0: Ball
1-0: Ball
2-0: Fly out, F9 (Line Drive, 9, EV 99.4 MPH)
Batting: RHB Patrick Mildren 0-0: Ball
1-0: Ball
2-0: Ground out 5-3 (Groundball, 56, EV 97.5 MPH)
Batting: RHB Francisco Agámez 0-0: Called Strike
0-1: Ball
1-1: SOLO HOME RUN (Flyball, 89XD, EV 110.6 MPH), Distance : 413 ft
Batting: RHB Jonathan Elmore 0-0: Swinging Strike
0-1: Foul Ball, location: 2F
0-2: SINGLE (Groundball, 13S, EV 60.0 MPH) (infield hit)
Batting: RHB Jimmy Robinson 0-0: Ball
1-0: Foul Ball, location: 2F
1-1: Ball
2-1: Ball
3-1: Fly out, F7 (Flyball, 7D, EV 103.8 MPH)
Top of the 5th over - 1 run, 2 hits, 0 errors, 1 left on base; Syracuse 1 - Sacramento 0
BOTTOM OF THE 5TH
Sacramento Redlegs batting - Pitching for Syracuse Starks : RHP Austin Bizzle
Batting: LHB Carlos Árias 0-0: Called Strike
0-1: Ball
1-1: Foul Ball, location: 2F
1-2: Ground out 6-3 (Groundball, 6, EV 88.8 MPH)
Batting: RHB Jackson Cluff 0-0: Swinging Strike
0-1: Swinging Strike
0-2: Ball
1-2: Strikes out looking
Batting: LHB Maxim Abeele 0-0: Ball
1-0: Swinging Strike
1-1: Called Strike
1-2: Ball
2-2: Strikes out swinging
Bottom of the 5th over - 0 runs, 0 hits, 0 errors, 0 left on base; Syracuse 1 - Sacramento 0
TOP OF THE 6TH
Syracuse Starks batting - Pitching for Sacramento Redlegs : RHP Gonzalo Rossi
Batting: RHB Damon Newbold 0-0: Ball
1-0: Ground out U3 (Groundball, 3, EV 103.1 MPH)
Batting: RHB Akke Derksen 0-0: Foul Ball, location: 2F
0-1: SINGLE (Line Drive, 78S, EV 93.8 MPH)
Batting: LHB Mare Riseley 0-0: Ball
1-0: Fly out, F7 (Flyball, 7LD, EV 96.9 MPH)
Batting: RHB Takashi Miike 0-0: Ball
1-0: Ball
2-0: Fielders Choice at 2nd, 5-4 (Groundball, 5, EV 81.2 MPH)
Top of the 6th over - 0 runs, 1 hit, 0 errors, 1 left on base; Syracuse 1 - Sacramento 0
BOTTOM OF THE 6TH
Sacramento Redlegs batting - Pitching for Syracuse Starks : RHP Austin Bizzle
Batting: RHB Brandon Graybill 0-0: Ball
1-0: Ball
2-0: Called Strike
2-1: Ball
3-1: Base on Balls
Batting: RHB Ignacio González 0-0: Bunted foul
0-1: Sac Bunt to 2R - play at first, batter OUT! 2-4
Brandon Graybill to second
Batting: LHB Paulino Gómez 0-0: Called Strike
0-1: Ball
1-1: Ball
2-1: Foul Ball, location: 2F
2-2: Ball
3-2: Foul Ball, location: 2F
3-2: Foul Ball, location: 2F
3-2: Hit by Pitch
Batting: RHB De-wei Chi 0-0: Ball
1-0: Fly out, F9 (Flyball, 9S, EV 86.9 MPH)
Batting: LHB Gabriel Anaya 0-0: Ball
1-0: Ground out 4-3 (Groundball, 4, EV 106.2 MPH)
Bottom of the 6th over - 0 runs, 0 hits, 0 errors, 2 left on base; Syracuse 1 - Sacramento 0
TOP OF THE 7TH
Syracuse Starks batting - Pitching for Sacramento Redlegs : RHP Gonzalo Rossi
Batting: RHB Atanza Vongor 0-0: Called Strike
0-1: Ball
1-1: SINGLE (Groundball, 3D, EV 98.1 MPH)
Batting: RHB Patrick Mildren 0-0: Bunted foul
0-1: Ball
1-1: Bunted foul
1-2: Ball
2-2: Fly out, F7 (Flyball, 7LM, EV 81.9 MPH)
Batting: RHB Francisco Agámez 0-0: Swinging Strike
0-1: Ball
Atanza Vongor steals 2nd base
1-1: Ball
2-1: Ball
3-1: Fly out, F9 (Flyball, 9LD, EV 75.0 MPH)
Runner from 2nd tags up, SAFE at 3rd, no throw by RF
Batting: RHB Jonathan Elmore 0-0: Ball
1-0: Ball
2-0: Called Strike
2-1: Called Strike
2-2: Strikes out swinging
Top of the 7th over - 0 runs, 1 hit, 0 errors, 1 left on base; Syracuse 1 - Sacramento 0
BOTTOM OF THE 7TH
Sacramento Redlegs batting - Pitching for Syracuse Starks : RHP Austin Bizzle
Batting: RHB Qian-fu Zhou 0-0: Called Strike
0-1: Called Strike
0-2: Strikes out swinging
Batting: LHB Carlos Árias 0-0: Fly out, F9 (Flyball, 9LSF, EV 86.2 MPH)
Batting: RHB Jackson Cluff 0-0: Foul Ball, location: 2F
0-1: Ball
1-1: Called Strike
1-2: Ball
2-2: Foul Ball, location: 2F
2-2: SINGLE (Groundball, 34, EV 106.9 MPH) (infield hit)
Batting: LHB Maxim Abeele 0-0: Ball
1-0: DOUBLE (Line Drive, 9LM, EV 110.6 MPH)
Jackson Cluff to third
Runner from 3rd tries for Home, SAFE, throw by RF to trailing runner, SAFE at third!
Batting: RHB Brandon Graybill 0-0: Ball
1-0: Called Strike
1-1: Called Strike
1-2: Ball
2-2: Ground out 6-3 (Groundball, 6M, EV 91.9 MPH)
Bottom of the 7th over - 1 run, 2 hits, 0 errors, 1 left on base; Syracuse 1 - Sacramento 1
TOP OF THE 8TH
Syracuse Starks batting - Pitching for Sacramento Redlegs : RHP Gonzalo Rossi
Batting: RHB Jimmy Robinson 0-0: Foul Ball, location: 2F
0-1: Ground out 6-3 (Groundball, 6, EV 101.9 MPH)
Batting: RHB Damon Newbold 0-0: Foul Ball, location: 2F
0-1: Called Strike
0-2: Ball
1-2: Foul Ball, location: 2F
1-2: Ball
2-2: Ground out 6-3 (Groundball, 6, EV 94.4 MPH)
Batting: RHB Akke Derksen 0-0: Reached via error on a dropped throw from 1B, E1 (Groundball, 34S, EV 81.2 MPH)
Batting: LHB Mare Riseley 0-0: Ball
Akke Derksen steals 2nd base
1-0: Ball
2-0: Ball
3-0: Fly out, F8 (Flyball, 8RM, EV 95.6 MPH)
Top of the 8th over - 0 runs, 0 hits, 1 error, 1 left on base; Syracuse 1 - Sacramento 1
BOTTOM OF THE 8TH
Sacramento Redlegs batting - Pitching for Syracuse Starks : RHP Austin Bizzle
Batting: RHB Ignacio González 0-0: Called Strike
0-1: Foul Ball, location: 2F
0-2: Ball
1-2: Ball
2-2: Foul Ball, location: 2F
2-2: Foul Ball, location: 2F
2-2: Ball
3-2: Base on Balls
Batting: LHB Paulino Gómez 0-0: Ball
1-0: Ball
Ignacio González is caught stealing 2nd base 2-6
2-0: Fly out, F8 (Line Drive, 8LD, EV 93.1 MPH)
Batting: RHB De-wei Chi 0-0: Ball
1-0: Called Strike
1-1: Swinging Strike
1-2: Strikes out swinging, 2-3 out at first.
Bottom of the 8th over - 0 runs, 0 hits, 0 errors, 0 left on base; Syracuse 1 - Sacramento 1
TOP OF THE 9TH
Syracuse Starks batting - Pitching for Sacramento Redlegs : RHP Gonzalo Rossi
Batting: RHB Takashi Miike 0-0: Foul Ball, location: 2F
0-1: Ball
1-1: Ball
2-1: SINGLE (Line Drive, 56D, EV 100.6 MPH)
Pitching: LHP Cullen Taylor
Pinch Hitting: RHB Arsenio Laurel 0-0: Ball
1-0: Called Strike
1-1: Called Strike
1-2: Strikes out swinging
Pinch Hitting: RHB Mike Branch 0-0: Swinging Strike
0-1: SINGLE (Groundball, 34D, EV 95.6 MPH)
Takashi Miike to second
Runner from 2nd tries for 3rd, SAFE, no throw by RF
Batting: RHB Francisco Agámez 0-0: Ball
1-0: Ground out 6-3 (Groundball, 56D, EV 101.2 MPH)
Takashi Miike scores
Mike Branch to second
Batting: RHB Jonathan Elmore 0-0: Ball
1-0: Ball
2-0: Called Strike
2-1: Foul Ball, location: 2F
2-2: Strikes out swinging
Top of the 9th over - 1 run, 2 hits, 0 errors, 1 left on base; Syracuse 2 - Sacramento 1
BOTTOM OF THE 9TH
Sacramento Redlegs batting - Pitching for Syracuse Starks : RHP Austin Bizzle
Pitching: RHP Damien Hayward
Now at 1B: Ewan Manshert
Now at 3B: Brant Fields
Now in RF: Adrian Chandler
Batting: LHB Gabriel Anaya 0-0: Called Strike
0-1: Ball
1-1: Ball
2-1: Swinging Strike
2-2: Foul Ball, location: 2F
2-2: Ground out 1-3 (Groundball, 23, EV 85.6 MPH)
Batting: RHB Qian-fu Zhou 0-0: Called Strike
0-1: Foul Ball, location: 2F
0-2: Foul Ball, location: 2F
0-2: Ball
1-2: Strikes out looking
Batting: LHB Carlos Árias 0-0: Ball
1-0: Foul Ball, location: 2F
1-1: Foul Ball, location: 2F
1-2: SINGLE (Flyball, 78S, EV 95.6 MPH)
Batting: RHB Jackson Cluff 0-0: Ground out 4-3 (Groundball, 34, EV 96.9 MPH)
Bottom of the 9th over - 0 runs, 1 hit, 0 errors, 1 left on base; Syracuse 2 - Sacramento 1
Friday, March 26th, 2021 - OOTP Baseball 20.8 Build 74